 Dungeon Crawl Stone Soup version 0.30-b1-2-g02819fbbbe (webtiles) character file.

Game seed: 17308600364089317995

28830 Mesmaeker13 the Summoner (level 12, -9/81 HPs)
             Began as a Demigod Summoner on Aug 7, 2023.
             Mangled by an eight-headed hydra (12 damage)
             ... on level 3 of the Lair of Beasts.
             The game lasted 01:06:14 (18281 turns).

Mesmaeker13 the Summoner (Demigod Summoner)        Turns: 18281, Time: 01:06:15

Health: -9/81      AC: 18    Str: 17    XL:     12   Next: 78%
Magic:  33/39      EV: 13    Int: 30    God:
Gold:   791        SH:  0    Dex: 16    Spells: 19/31 levels left

rFire   + + .        H - +6 whip "Mydeis" {protect, rC+ Int+2 Stlth-}
rCold   + . .        (no shield)
rNeg    + . .        U - +3 scale mail "Inesuc" {Contam +Inv Dex+2}
rPois   .            N - +2 helmet of Zimuc {rF++ rN+}
rElec   +            w - +1 cloak {Stlth+}
rCorr   +            k - +1 pair of gloves
SInv    .            (no boots)
Will    +....        q - amulet of the acrobat
Stlth   +            i - ring of resist corrosion
HPRegen 0.33/turn    G - ring of Midsummer {rElec rCorr MP+9 Int+3}
MPRegen 0.26/turn

%: acrobat
@: no status effects
A: high MP 1, forlorn, divine attributes
a: Evoke Invisibility


You were on level 3 of the Lair of Beasts.
You visited 2 branches of the dungeon, and saw 14 of its levels.
You also visited: Sewer, Bailey and Gauntlet.

You collected 1016 gold pieces.
You spent 225 gold pieces at shops.

Inventory:

Hand Weapons
 c - a +0 heavy arbalest
 o - a +0 trident of venom
 H - the +6 whip "Mydeis" (weapon) {protect, rC+ Int+2 Stlth-}
   (You found it on level 7 of the Dungeon)

   Int:       It affects your intelligence (+2).
   rC:        It protects you from cold.
   Stlth:     It makes you less stealthy.
 O - the +8 war axe "Ucsev" {freeze, rCorr}
   (You found it in a Gauntlet)

   rCorr:     It protects you from acid and corrosion.
Missiles
 J - a curare-tipped dart
Armour
 e - a +0 ring mail of cold resistance
 k - a +1 pair of gloves (worn)
 w - a +1 cloak of stealth (worn)
 x - a +0 cloak of preservation
 F - a +1 pair of gloves of infusion
 N - the +2 helmet of Zimuc (worn) {rF++ rN+}
   (You found it in a Gauntlet)

   rF:        It greatly protects you from fire.
   rN:        It protects you from negative energy.
 P - the +0 ice dragon scales of Patience {rElec rPois rF- rC++ Str+8 Int-4 Stlth-}
   (You found it in a Gauntlet)

   Str:       It affects your strength (+8).
   Int:       It affects your intelligence (-4).
   rF:        It makes you vulnerable to fire.
   rC:        It greatly protects you from cold.
   rElec:     It insulates you from electricity.
   rPois:     It protects you from poison.
   Stlth:     It makes you less stealthy.
 U - the +3 scale mail "Inesuc" (worn) {Contam +Inv Dex+2}
   (You bought it in a shop on level 5 of the Dungeon)

   Dex:       It affects your dexterity (+2).
   +Inv:      It lets you turn invisible.
   Contam:    It causes magical contamination when unequipped.
Magical Staves
 B - a staff of conjuration
Jewellery
 a - a ring of fire
 i - a ring of resist corrosion (left hand)
 q - an amulet of the acrobat (around neck)
 G - the ring of Midsummer (right hand) {rElec rCorr MP+9 Int+3}
   (You acquired it on level 1 of the Lair of Beasts)

   [ring of magical power]

   Int:       It affects your intelligence (+3).
   rElec:     It insulates you from electricity.
   MP:        It affects your magic capacity (+9).
   rCorr:     It protects you from acid and corrosion.
Wands
 Q - a wand of light (2)
 T - a wand of mindburst (5)
Scrolls
 d - a scroll of brand weapon
 m - 4 scrolls of magic mapping
 n - a scroll of fog
 p - 3 scrolls of teleportation {unknown}
 y - a scroll of torment
 A - 4 scrolls of enchant armour
 C - a scroll of blinking
 D - a scroll of vulnerability {unknown}
 E - a scroll of noise {unknown}
 I - 7 scrolls of enchant weapon
 L - a scroll of summoning
 M - a scroll of poison
Potions
 b - 4 potions of magic
 f - a potion of attraction
 g - a potion of flight
 h - 2 potions of might
 j - 2 potions of resistance
 l - 5 potions of heal wounds
 r - 3 potions of haste
 s - a potion of ambrosia {unknown}
 t - 3 potions of brilliance
 u - a potion of berserk rage {unknown}
 v - 3 potions of cancellation
 z - 4 potions of mutation
 S - 2 potions of curing
Miscellaneous
 K - a lightning rod (4/4)
 R - a tin of tremorstones (2/2)


   Skills:
 + Level 6.9 Armour
 - Level 8.4 Dodging
 - Level 1.7 Stealth
 + Level 10.2 Spellcasting
 + Level 3.9 Hexes
 + Level 11.4 Summonings
 - Level 8.1 Air Magic


You had 19 spell levels left.
You knew the following spells:

 Your Spells              Type           Power      Damage    Failure   Level
b - Call Imp              Summ           100%       N/A       1%          2
c - Call Canine Familiar  Summ           71%        N/A       1%          3
d - Summon Lightning Spi  Summ/Air       65%        N/A       1%          4
e - Summon Guardian Gole  Hex/Summ       57%        N/A       1%          3

Your spell library contained the following spells:

 Spells                   Type           Power      Damage    Failure   Level
 Summon Small Mammal      Summ           100%       N/A       1%          1
 Swiftness                Air            59%        N/A       1%          3
 Poisonous Vapours        Pois/Air       78%        N/A       3%          2
 Tukima's Dance           Hex            39%        N/A       6%          3
 Ensorcelled Hibernation  Hex/Ice        54%        N/A       7%          2
 Mephitic Cloud           Conj/Pois/Air  31%        N/A       10%         3
 Apportation              Tloc           30%        N/A       11%         1
 Magic Dart               Conj           60%        1d6       11%         1
 Necrotise                Necr           60%        1d7       11%         1
 Summon Mana Viper        Hex/Summ       57%        N/A       12%         5
 Dazzling Flash           Conj/Hex       54%        N/A       14%         3
 Portal Projectile        Hex/Tloc       54%        N/A       14%         3
 Passwall                 Tmut/Erth      12%        N/A       16%         2
 Sublimation of Blood     Necr           15%        N/A       16%         2
 Silence                  Hex/Air        25%        N/A       24%         5
 Freezing Cloud           Conj/Ice/Air   15%        6-21      67%         5
 Animate Dead             Necr           15%        N/A       71%         4
 Petrify                  Tmut/Erth      15%        N/A       71%         4
 Metabolic Englaciation   Hex/Ice        13%        N/A       77%         5
 Irradiate                Conj/Tmut      7%         3d14      96%         5
 Haunt                    Necr/Summ      24%        N/A       100%        7
 Infestation              Necr           7%         N/A       100%        8


Dungeon Overview and Level Annotations

Branches:
Dungeon (11/15)            Temple (0/1) D:6            Lair (3/5) D:10
  Swamp (0/4) Lair:3        Snake (0/4) Lair:2          Orc (0/2) D:10
  Sewer (visited)          Bailey (visited)         Gauntlet (visited)

Shops:
D:5 [

Annotations:
D:3 1 exclusion
D:5 exclusion: door
D:7 2 exclusions
D:10 2 transporters, carontestyx's ghost, journeyman SpDe


Innate Abilities, Weirdness & Mutations

You have an increased reservoir of magic. (+10% MP)
You shall have no god before yourself.
Your divine heritage dramatically boosts your attributes as you level up.


Message History

A guardian golem appears, shielding your allies.
Casting: Summon Guardian Golem (safe; 1% risk of failure)
Confirm with . or Enter, or press ? or * to list all spells.
An electric hum fills the air.
The eight-headed hydra bites you but does no damage.
The eight-headed hydra bites you. x2
The eight-headed hydra closely misses you.
The eight-headed hydra bites you but does no damage.
The eight-headed hydra bites you!
The eight-headed hydra closely misses you.
The eight-headed hydra bites you but does no damage.
The bullfrog hits your guardian golem.
Your lightning spire shoots out a bolt of lightning at the eight-headed hydra!
The bolt of electricity hits the eight-headed hydra!!
You barely miss the eight-headed hydra.
The eight-headed hydra is moderately wounded.
The bullfrog releases a deep croak.
The bullfrog hits your guardian golem but does no damage.
The eight-headed hydra bites you!
The eight-headed hydra closely misses you.
The eight-headed hydra bites you. The eight-headed hydra misses you.
The eight-headed hydra bites you. The eight-headed hydra bites you!
The eight-headed hydra bites you but does no damage.
The eight-headed hydra bites you!
Your lightning spire shoots out a bolt of lightning at the eight-headed hydra!
The bolt of electricity hits the eight-headed hydra!
You barely miss the eight-headed hydra.
Your punch misses the eight-headed hydra.
The eight-headed hydra is heavily wounded.
The bullfrog hits your guardian golem but does no damage. x2
The eight-headed hydra bites you but does no damage.
The eight-headed hydra closely misses you.
The eight-headed hydra bites you. The eight-headed hydra bites you!
* * * LOW HITPOINT WARNING * * *
The eight-headed hydra bites you.
* * * LOW HITPOINT WARNING * * *
The eight-headed hydra bites you!
* * * LOW HITPOINT WARNING * * *
The eight-headed hydra bites you!
You die...

###§## #### ##..# ### ###.k§§##
#.P####..### #.#####
...§.§..###........(.#####.....##
....§...##.........<..##.+.....P.
>..<....##...........##.......[+.
........#...............##......#
..........#..........#...#.....†#
..........#..........+.###......#
.........#.....8@....#.# #......#
........#.#.....D9...### #.....##
.........##.......F..# #.P+###
#...#.############'### #....#
####.†# #...#####+.#.. ##†##
#...##.#........ ##..#
###+#.#.#.+........ ##..##
####.......#......... .
###†.#####P#........#.P....... ..


You could see an eight-headed hydra (ally target), a bullfrog (ally target), a
friendly guardian golem (summoned) and a friendly lightning spire (summoned,
sheltered).

Vanquished Creatures
  Maurice (D:10)
  A kobold demonologist (D:8)
  A cane toad (Lair:1)
  A troll (D:10)
  Sigmund (D:4)
  A shadow (D:9)
  6 yaks
  Duvessa (D:5)
  3 water moccasins
  A swamp drake (Lair:3)
  An ice beast (D:5)
  An orc warrior (D:8)
  2 wolves
  A phantom (D:6)
  4 bullfrogs
  A scorpion (D:4)
  2 killer bees (D:8)
  5 electric eels (D:11)
  A howler monkey (D:9)
  6 hounds
  3 iguanas
  3 orc wizards
  Ijyb (D:3)
  4 gnolls
  An adder (D:2)
  3 river rats (D:8)
  A shadow imp (Gauntlet)
  3 worms
  3 dart slugs
  9 orcs
  4 ball pythons
  3 bat zombies (D:8)
  2 endoplasms
  7 giant cockroaches
  4 goblins
  7 hobgoblins
  2 jackals
  2 quokkas (D:8)
  5 bats
  A frilled lizard (D:2)
  3 kobolds
  13 rats
125 creatures vanquished.

Vanquished Creatures (collateral kills)
  A catoblepas (Lair:3)
  A soul eater (Gauntlet)
  Pikel (D:5)
  A deep elf pyromancer (D:9)
  A cyclops (D:11)
  6 black mambas
  3 elephants (Lair:1)
  6 cane toads
  Joseph (D:7)
  4 komodo dragons
  An unseen horror (D:9)
  4 trolls
  A hornet (D:9)
  A polar bear (Lair:3)
  A tyrant leech (Gauntlet)
  Grinder (D:3)
  3 blink frogs (Lair:1)
  A shadow (D:10)
  25 yaks
  A wyvern (Lair:1)
  A wraith (D:9)
  The ghost of discopopstar the Caller, an amateur FeSu of Gozag (D:6)
  2 basilisks
  Eustachio (D:5)
  4 swamp worms (Gauntlet)
  9 water moccasins
  2 acid dragons
  13 orc warriors
  2 black bears (D:6)
  6 wolves
  An ogre (D:5)
  2 centaurs (D:8)
  A kobold brigand (D:8)
  6 bullfrogs
  A gnoll sergeant (D:9)
  2 scorpions
  11 wights
  Dowan (D:5)
  A killer bee (D:8)
  An electric eel (D:11)
  2 howler monkeys (D:8)
  2 jellies (D:5)
  Crazy Yiuf (D:3)
  4 hounds
  2 gnoll boudas (D:6)
  8 orc priests
  A sleepcap (D:7)
  4 iguanas
  11 orc wizards
  3 hell rats (D:8)
  Terence (D:3)
  9 gnolls
  8 adders
  4 river rats
  3 shadow imps (Gauntlet)
  A white imp (D:5)
  A worm (D:3)
  2 dart slugs
  59 orcs
  7 endoplasms
  2 giant cockroaches
  8 goblins
  2 hobgoblins
  3 quokkas
  2 ball pythons
  A bat (D:1)
  A frilled lizard (D:1)
  6 kobolds
  8 rats
298 creatures vanquished.

Vanquished Creatures (others)
  A minotaur (Gauntlet)
  A komodo dragon (Lair:1)
  8 yaks
  2 water moccasins (Lair:3)
  4 wolves (Lair:2)
  3 demonic plants (Gauntlet)
  15 fungi
  19 plants
  13 withered plants (Gauntlet)
66 creatures vanquished.

Grand Total: 489 creatures vanquished

Notes
Turn   | Place    | Note
-------+----------+-------------------------------------------
     0 | D:1      | Mesmaeker13 the Demigod Summoner began the quest for the
                  | Orb.
     0 | D:1      | Reached XP level 1. HP: 14/14 MP: 5/5
   204 | D:1      | Reached XP level 2. HP: 17/20 MP: 7/7
   830 | D:1      | Reached skill level 4 in Summonings
  1129 | D:1      | Learned a level 2 spell: Call Imp
  1143 | D:2      | Reached XP level 3. HP: 11/26 MP: 7/9
  1565 | D:2      | Reached XP level 4. HP: 19/33 MP: 7/10
  1692 | D:2      | Identified the +1 short sword of the Empty Page {flame,
                  | Dex+3}
  2724 | D:3      | Learned a level 3 spell: Call Canine Familiar
  2758 | D:3      | Noticed Ijyb
  2784 | D:3      | Killed Ijyb
  2897 | D:3      | Reached XP level 5. HP: 28/38 MP: 10/12
  3184 | D:3      | Found a glowing drain.
  3196 | Sewer    | Entered a sewer
  3256 | Sewer    | Noticed a water moccasin
  3269 | Sewer    | Killed a water moccasin
  3270 | Sewer    | Reached XP level 6. HP: 33/45 MP: 4/14
  3471 | D:3      | Noticed Terence
  3483 | D:3      | Reached skill level 5 in Summonings
  3484 | D:3      | Killed Terence
  3605 | D:3      | Found a runed translucent door.
  3606 | D:3      | Noticed Crazy Yiuf
  3627 | D:3      | Killed Crazy Yiuf
  3975 | D:3      | Noticed Grinder
  4544 | D:4      | Noticed Sigmund
  4755 | D:5      | Entered Level 5 of the Dungeon
  4799 | D:5      | Reached XP level 7. HP: 50/50 MP: 13/16
  4806 | D:5      | Learned a level 4 spell: Summon Lightning Spire
  4949 | D:5      | Noticed Duvessa
  4956 | D:5      | Noticed Dowan
  4996 | D:5      | Killed Dowan
  4997 | D:5      | Reached skill level 1 in Air Magic
  5221 | D:5      | Killed Duvessa
  5268 | D:5      | Noticed a yak
  5321 | D:5      | Reached skill level 5 in Dodging
  5321 | D:5      | Reached skill level 6 in Summonings
  5530 | D:5      | Noticed Eustachio
  5638 | D:4      | Killed Sigmund
  5639 | D:4      | Reached XP level 8. HP: 14/57 MP: 13/18
  6680 | D:6      | Reached skill level 5 in Spellcasting
  7033 | D:7      | Noticed Joseph
  7264 | D:6      | Found a staircase to the Ecumenical Temple.
  7414 | D:6      | Reached skill level 7 in Summonings
  7729 | D:6      | Found a large runed translucent door.
  7729 | D:6      | Found a large runed translucent door.
  7732 | D:6      | Noticed discopopstar's ghost (amateur FeSu)
  8037 | D:7      | Identified the +6 whip "Mydeis" {protect, rC+ Int+2 Stlth-}
  8216 | D:8      | Reached XP level 9. HP: 58/62 MP: 14/21
  8296 | D:7      | Killed Joseph
  9133 | D:8      | Reached skill level 5 in Air Magic
  9394 | D:8      | Noticed a kobold demonologist
  9399 | D:8      | Noticed a soul eater
  9407 | D:8      | Killed a kobold demonologist
  9913 | D:9      | Reached skill level 8 in Summonings
  9997 | D:9      | Reached XP level 10. HP: 63/69 MP: 20/24
 10178 | D:9      | Noticed a deep elf pyromancer
 10186 | D:9      | Killed a deep elf pyromancer
 10738 | D:6      | Killed discopopstar's ghost
 10796 | D:5      | Noticed Pikel
 10802 | D:5      | Killed Pikel
 10915 | D:5      | Found Joinim's Antique Armour Shoppe.
 10994 | D:5      | Killed Eustachio
 10995 | D:5      | Reached skill level 9 in Summonings
 11308 | D:3      | Killed Grinder
 11460 | D:10     | Entered Level 10 of the Dungeon
 11465 | D:10     | Learned a level 3 spell: Summon Guardian Golem
 11510 | D:10     | Found a flagged portal.
 11532 | Bailey   | Entered a bailey
 11971 | D:10     | Reached skill level 1 in Armour
 11971 | D:10     | Reached XP level 11. HP: 74/74 MP: 20/27
 12243 | D:10     | Found a staircase to the Orcish Mines.
 12361 | D:10     | Found a staircase to the Lair.
 12380 | D:10     | Noticed Maurice
 12409 | D:10     | Killed Maurice
 12589 | D:10     | Found a transporter.
 12589 | D:10     | Noticed carontestyx's ghost (journeyman SpDe)
 12613 | D:10     | Found a transporter.
 12834 | Lair:1   | Entered Level 1 of the Lair of Beasts
 13033 | D:11     | Found a gate leading to a gauntlet.
 13041 | Gauntlet | Entered a Gauntlet
 13041 | Gauntlet | Found a transporter.
 13041 | Gauntlet | Found a transporter.
 13044 | Gauntlet | Noticed a soul eater
 13047 | Gauntlet | Found a transporter.
 13062 | Gauntlet | Found a transporter.
 13068 | Gauntlet | Noticed a thrashing horror
 13073 | Gauntlet | Noticed a thrashing horror
 13076 | Gauntlet | Found a transporter.
 13089 | Gauntlet | Found a transporter.
 13104 | Gauntlet | Noticed an orange crystal statue
 13177 | Gauntlet | Found a transporter.
 13192 | Gauntlet | Found a transporter.
 13194 | Gauntlet | Noticed a hell hog
 13206 | Gauntlet | Found a transporter.
 13219 | Gauntlet | Found a transporter.
 13223 | Gauntlet | Noticed a ghost crab
 13236 | Gauntlet | Found a transporter.
 13303 | Gauntlet | Found a transporter.
 13305 | Gauntlet | Noticed a reaper
 13313 | Gauntlet | Found a transporter.
 13323 | Gauntlet | Found a transporter.
 13347 | Gauntlet | Found a transporter.
 13357 | Gauntlet | Found a transporter.
 13398 | Gauntlet | Killed a soul eater
 13617 | Gauntlet | Identified the +2 helmet of Zimuc {rF++ rN+}
 13640 | Gauntlet | Identified the +8 war axe "Ucsev" {freeze, rCorr}
 13640 | Gauntlet | Identified the +0 ice dragon scales of Patience {rElec
                  | rPois rF- rC++ Str+8 Int-4 Stlth-}
 13640 | Gauntlet | Noticed a minotaur
 13669 | Gauntlet | Killed a minotaur
 13703 | Gauntlet | Got the Octavo of the Jinx
 13705 | Gauntlet | Identified the +1 robe of Valiance {-Tele rPois rCorr
                  | Int+4}
 13706 | Gauntlet | Got Sif Muna's Grimoire of the Jinx
 13913 | D:11     | Identified the +5 leather armour of Jiwkaoz {*Slow rCorr
                  | Int+3 Dex+3}
 14089 | D:11     | Reached skill level 10 in Summonings
 14422 | D:11     | Noticed a boulder beetle
 14434 | D:11     | Noticed a boulder beetle
 15017 | Lair:1   | Reached skill level 5 in Armour
 15138 | Lair:1   | Reached XP level 12. HP: 81/81 MP: 23/29
 15387 | Lair:1   | Identified a scroll of acquirement
 15388 | Lair:1   | Acquired the ring of Midsummer {rElec rCorr MP+9 Int+3}
 15532 | D:5      | Bought a faintly glowing scale mail for 225 gold pieces
 15532 | D:5      | Identified the +3 scale mail "Inesuc" {Contam +Inv Dex+2}
                  | (You bought it in a shop on level 5 of the Dungeon)
 15939 | Lair:1   | Reached skill level 1 in Hexes
 16297 | Lair:2   | Found a staircase to the Snake Pit.
 16320 | Lair:2   | Reached skill level 11 in Summonings
 16946 | Lair:2   | Identified the +2 cloak of Ileut {-Cast Regen+ Dex+3}
 17555 | Lair:3   | Found a staircase to the Swamp.
 17688 | Lair:3   | Reached skill level 10 in Spellcasting
 17869 | Lair:3   | Noticed a catoblepas
 17960 | Lair:3   | Killed a catoblepas
 18269 | Lair:3   | Noticed an eight-headed hydra
 18281 | Lair:3   | HP: 3/81 [eight-headed hydra (11)]
 18281 | Lair:3   | Mangled by an eight-headed hydra

Illustrated notes

Levels and vault maps discovered:
D:1:      dpeg_arrival_brainrot, layout_loops_cross, minmay_worlds_worst_comb
D:2:      layout_basic, interstate_on_off, chequers_serial_rivers_room_a,
          wander_ebering_terrifying_dragon_lair
D:3:      layout_basic, gup_sewer_entry_bubbles, uniq_terence, uniq_ijyb,
          uniq_grinder, uniq_crazy_yiuf_cottage
D:4:      layout_basic, serial_corexii_hall, corexii_hall_statues_l,
          chequers_hall_statues_y, uniq_sigmund
D:5:      layout_basic, mainiacjoe_overflow_six_doors_small, serial_shops, shop,
          st_stairs_11, serial_park_tiny_1, uniq_duvessa, uniq_pikel,
          uniq_eustachio
D:6:      layout_gridville, grunt_gozag_breadcrumbs, minmay_temple_entry_trees,
          ebering_ghost_disaster_area
D:7:      layout_layer_cave, mainiacjoe_overflow_large_starburst, uniq_joseph
D:8:      lemuel_ratsnest, layout_basic, lemuel_zombie_altar_kikubaaqudgha,
          nicolae_overflow_hidden_temple
D:9:      layout_roguey, mainiacjoe_overflow_24_doors
D:10:     layout_roguey, erik_lair_island, erik_orc_4, enter_bailey_4,
          gammafunk_ghost_berserking_beasts, uniq_maurice
D:11:     layout_basic, gauntlet_entry_generic, minmay_fractal_squares_5,
          uniq_erica, uniq_sonja
Lair:1:   layout_regular_city, grunt_megastairs_2
Lair:2:   layout_cave_pods, minmay_snake_entry_six_corridors
Lair:3:   layout_roguey, minmay_swamp_entry_reptiles

Skill      XL: |  1  2  3  4  5  6  7  8  9 10 11 12 |
---------------+-------------------------------------+-----
Dodging        | 2 3 4 5 6 7 8 |  8.4
Spellcasting   | 2 3 4 5 6 7 9 10 | 10.2
Summonings     | 4 5 6 7 8 9 10 11 | 11.4
Air Magic      | 2 4 5 7 8 |  8.1
Armour         | 1 5 6 |  6.9
Hexes          | 3 |  3.9
Stealth        | |  1.7

Action                     |  1- 3 |  4- 6 |  7- 9 | 10-12 || total
---------------------------+-------+-------+-------+-------++-------
  Melee: Club              |    25 |       |       |       ||    25
         Hand axe          |    56 |     1 |       |       ||    57
         Punch             |     2 |     1 |     5 |     3 ||    11
         Short sword       |       |   109 |    81 |       ||   190
         Whip              |       |       |    96 |   247 ||   343
   Cast: Summon Small Mamm |    21 |     7 |     2 |       ||    30
         Call Imp          |     4 |    22 |    20 |       ||    46
         Call Canine Famil |       |    13 |    29 |    14 ||    56
         Summon Lightning  |       |       |    38 |   106 ||   144
         Summon Guardian G |       |       |       |    30 ||    30
  Evoke: Wand              |       |       |    17 |    27 ||    44
         Tin of tremorston |       |       |       |     2 ||     2
    Use: Scroll            |       |     6 |     9 |    13 ||    28
         Potion            |       |     1 |     2 |     6 ||     9
   Stab: Sleeping          |     4 |     3 |       |       ||     7
         Distracted        |       |       |     2 |     5 ||     7
         Petrified         |       |       |       |     2 ||     2
 Armour: Robe              |    19 |    22 |    52 |       ||    93
         Acid dragon scale |       |       |       |    98 ||    98
         Scale mail        |       |       |       |    58 ||    58
  Dodge: Dodged            |    61 |    62 |   191 |   267 ||   581
